 Dungeon Crawl Stone Soup version 0.26.0-11-g8f856b5395 (webtiles) character file.

Game seed: 7181439713797736895

4872 Destapler the Ruffian (level 10, -1/94 HPs)
             Began as a Troll Earth Elementalist on Jan 15, 2021.
             Was a Priest of Vehumet.
             Slain by a wraith (14 damage)
             ... led by Josephine
             ... on level 10 of the Dungeon.
             The game lasted 00:43:10 (8099 turns).

Destapler the Ruffian (Troll Earth Elementalist)    Turns: 8099, Time: 00:43:10

Health: -1/94      AC:  7    Str: 18    XL:     10   Next: 26%
Magic:  13/13      EV: 11    Int: 14    God:    Vehumet [***...]
Gold:   532        SH:  0    Dex: 12    Spells: 12/15 levels left

rFire    . . .     SeeInvis .     - Unarmed
rCold    . . .     Faith    .   (no shield)
rNeg     . . .     Spirit   .   c - +0 robe
rPois    .         Reflect  .   (helmet restricted)
rElec    .         Harm     .   g - +0 cloak {Will+}
rCorr    .         Rampage  .   (gloves unavailable)
Will     ++...                  (boots unavailable)
Stlth    +++.......             q - amulet of regeneration
HPRegen  1.05/turn              m - ring of willpower
MPRegen  0.13/turn              (no ring)

@: slowed, very slow
A: large, unfitting armour, beak, claws 3, thin skeletal structure 1, blurry
vision 1, regeneration 1, shaggy fur 1, tough skin 3
a: Renounce Religion


You were on level 10 of the Dungeon.
You worshipped Vehumet.
Vehumet was most pleased with you.
You visited 2 branches of the dungeon, and saw 11 of its levels.

You collected 568 gold pieces.
You spent 36 gold pieces at shops.

Inventory:

Missiles
 b - 253 stones
 j - 69 poisoned darts
Armour
 c - a +0 robe (worn)
 g - a +0 cloak of willpower (worn)
 k - a +0 kite shield
Jewellery
 m - a ring of willpower (left claw)
 q - an amulet of regeneration (around neck)
 x - an uncursed ring of ice
Wands
 a - a wand of flame (56)
 f - a wand of paralysis (11)
 l - a wand of iceblast (20)
 o - a wand of enslavement (7)
 v - a wand of polymorph (8)
Scrolls
 d - 3 scrolls of fog
 h - 5 scrolls of identify
 n - 3 scrolls of teleportation
 w - a scroll of vulnerability {unknown}
 y - 2 scrolls of fear
Potions
 e - a potion of haste
 p - a potion of ambrosia
 r - 2 potions of flight
 s - a potion of heal wounds {unknown}
 t - a potion of attraction
 u - a potion of might {unknown}
Miscellaneous
 B - a condenser vane


   Skills:
 * Level 4.9 Fighting
 + Level 3.1 Throwing
 + Level 4.2 Dodging
 - Level 1.0 Stealth
 * Level 4.2 Shields
 - Level 6.0 Unarmed Combat
 - Level 3.0 Spellcasting
 - Level 3.0 Conjurations
 - Level 2.0 Transmutations
 + Level 1.7 Air Magic
 + Level 5.1 Earth Magic
 + Level 2.5 Evocations


You had 12 spell levels left.
You knew the following spells:

 Your Spells              Type           Power        Failure   Level
a - Sandblast             Erth           32%          1%          1
b - Magic Dart            Conj           40%          1%          1
c - Shock                 Conj/Air       32%          2%          1

Your spell library contained the following spells:

 Spells                   Type           Power        Failure   Level
 Mephitic Cloud           Conj/Pois/Air  6%           9%          3
 Stone Arrow              Conj/Erth      26%          3%          3
 Passwall                 Tmut/Erth      10%          8%          2
 Lee's Rapid Deconstruct  Erth           8%           19%         5
 Petrify                  Tmut/Erth      12%          45%         4


Dungeon Overview and Level Annotations

Branches:
Dungeon (10/15)            Temple (1/1) D:4            Lair (0/6) D:8
    Orc: D:9-12

Altars:
Ashenzari
Cheibriados
Dithmenos
Elyvilon
Fedhas
Gozag
Hepliaklqana
Kikubaaqudgha
Makhleb
Nemelex Xobeh
Okawaru
Qazlal
Ru
Sif Muna
Trog
Uskayaw
Vehumet
Wu Jian
Xom
Yredelemnul
Zin
The Shining One

Shops:
D:6 =*=*   D:7 *

Annotations:
D:7 1 runed translucent door, DocSulfur's ghost, novice TrHu


Innate Abilities, Weirdness & Mutations

You are too large for most types of armour.
You have claws for hands.
Your natural rate of healing is unusually fast.
You are covered in fur. (AC +1)
You have extremely tough skin. (AC +3)
You have a beak for a mouth.
You have a somewhat thin skeletal structure. (Dex +2, Stealth)
Scrolls take you a little longer to read.


Message History

The wraith hits you.
* * * LOW HITPOINT WARNING * * *
The centaur closely misses you. The wraith hits you!
* * * LOW HITPOINT WARNING * * *
You feel better.
You feel less invigorated.
The centaur hits you with a +0 short sword.
* * * LOW HITPOINT WARNING * * *
The centaur hits you but does no damage.
The wraith barely misses you.
You closely miss the centaur. Your peck misses the centaur.
The centaur hits you with a +0 short sword!
* * * LOW HITPOINT WARNING * * *
The wraith hits you.
* * * LOW HITPOINT WARNING * * *
The wraith drains your vigour!
You feel as though you will be slow longer.
The centaur barely misses you.
You closely miss the wraith. You peck the wraith, but do no damage.
The centaur barely misses you. The wraith hits you!
You die...

+......# #......#
#......# #......#
#......+ +......#
#......# . #......#
.. #.@c...# #.
#..W...# .#..
#......# .'...
#.(....#
#....#+#####(.....#
#.((((........#
+.............#
#.............#
#.............#


You could see a wraith and a centaur.

Vanquished Creatures
  A two-headed ogre (D:9)
  Prince Ribbit (D:6)
  A wyvern (D:8)
  3 yaks (D:9)
  2 wraiths (D:10)
  A steam dragon (D:7)
  Menkaure (D:7)
  A water moccasin (D:9)
  Duvessa (D:6)
  2 ice beasts
  2 phantoms
  2 ogres
  3 centaurs
  5 bullfrogs
  A scorpion (D:5)
  4 killer bees (D:8)
  3 howler monkeys
  A vampire bat (D:3)
  3 wights
  2 bullfrog zombies
  A quasit (D:9)
  A centaur zombie (D:9)
  2 jellies
  2 orc priests
  3 orc wizards
  4 hounds
  Crazy Yiuf (D:2)
  A bullfrog skeleton (D:5)
  3 iguanas
  9 worker ants
  A hound zombie (D:6)
  A hound skeleton (D:8)
  Robin (D:2)
  A howler monkey zombie (D:8)
  A howler monkey skeleton (D:7)
  6 adders
  A shadow imp (D:8)
  A white imp (D:9)
  An ufetubus (D:9)
  3 oozes
  An adder skeleton (D:4)
  An adder zombie (D:5)
  4 worms
  4 dart slugs
  7 leopard geckos
  19 orcs
  10 bats
  7 giant cockroaches
  13 goblins
  9 hobgoblins
  4 jackals (D:1)
  4 quokkas
  2 ball pythons
  4 frilled lizards
  8 kobolds
  11 rats
192 creatures vanquished.

Vanquished Creatures (others)
  Pikel (D:7)
  An orc (D:8)
  2 fungi (D:8)
  3 plants
  2 withered plants (D:7)
9 creatures vanquished.

Grand Total: 201 creatures vanquished

Notes
Turn   | Place    | Note
-------+----------+-------------------------------------------
     0 | D:1      | Destapler the Troll Earth Elementalist began the quest for
                  | the Orb.
     0 | D:1      | Reached XP level 1. HP: 16/16 MP: 1/1
   159 | D:1      | Reached XP level 2. HP: 26/26 MP: 3/3
   293 | D:1      | Reached skill level 1 in Transmutations
   456 | D:1      | Reached XP level 3. HP: 27/32 MP: 4/4
   825 | D:2      | Noticed Robin
   896 | D:2      | Reached skill level 1 in Fighting
   896 | D:2      | Reached skill level 1 in Unarmed Combat
  1022 | D:2      | Killed Robin
  1063 | D:1      | Reached XP level 4. HP: 15/41 MP: 5/5
  1402 | D:2      | You fall into a shaft and drop 2 floors!
  1403 | D:4      | Noticed an ogre
  1410 | D:4      | Killed an ogre
  1411 | D:4      | Reached XP level 5. HP: 34/48 MP: 1/6
  1477 | D:4      | Found a staircase to the Ecumenical Temple.
  1483 | D:4      | Noticed a phantom
  1486 | Temple   | Entered the Ecumenical Temple
  1780 | D:4      | Found a glowing silver altar of Zin.
  1781 | D:4      | Found a radiant altar of Vehumet.
  1785 | D:4      | Became a worshipper of Vehumet
  1922 | D:4      | Killed a phantom
  1923 | D:4      | Reached skill level 2 in Unarmed Combat
  1923 | D:4      | Reached XP level 6. HP: 57/57 MP: 2/8
  2128 | D:2      | Found a runed translucent door.
  2129 | D:2      | Noticed Crazy Yiuf
  2250 | D:2      | Killed Crazy Yiuf
  3071 | D:4      | Reached * piety under Vehumet
  3071 | D:4      | Offered knowledge of Magic Dart by Vehumet.
  3308 | D:4      | Reached XP level 7. HP: 55/66 MP: 7/9
  3435 | D:4      | Learned a level 1 spell: Magic Dart
  3789 | D:5      | Entered Level 5 of the Dungeon
  3988 | D:5      | Reached skill level 3 in Unarmed Combat
  4036 | D:5      | Reached skill level 1 in Shields
  4358 | D:5      | Reached skill level 1 in Conjurations
  4845 | D:6      | Found Keah's Jewellery Shoppe.
  4973 | D:6      | Found Afeukkae's General Store.
  4984 | D:6      | Bought a scroll of remove curse for 36 gold pieces
  5031 | D:6      | Reached skill level 1 in Throwing
  5049 | D:6      | Found a sacrificial altar of Ru.
  5089 | D:6      | Noticed Prince Ribbit
  5099 | D:6      | Killed Prince Ribbit
  5100 | D:6      | Reached XP level 8. HP: 73/75 MP: 6/10
  5160 | D:6      | Reached skill level 4 in Unarmed Combat
  5240 | D:6      | Found Ruczeh's Jewellery Shoppe.
  5298 | D:6      | Found Faolas's Assorted Antiques.
  5349 | D:6      | Found a shimmering altar of Xom.
  5356 | D:6      | Found a shimmering altar of Xom.
  5450 | D:6      | Reached skill level 1 in Evocations
  5563 | D:6      | Found a hazy altar of Hepliaklqana.
  5608 | D:7      | Offered knowledge of Shock by Vehumet.
  5611 | D:7      | Learned a level 1 spell: Shock
  5629 | D:7      | Noticed Duvessa
  5630 | D:7      | Noticed Dowan
  5646 | D:7      | Noticed Dowan
  5646 | D:7      | Dowan changed into Dowan the killer bee
  5649 | D:7      | Noticed Dowan
  5649 | D:7      | Dowan the killer bee changed into Dowan the steam dragon
  5654 | D:7      | Killed Dowan the steam dragon
  5654 | D:7      | Reached ** piety under Vehumet
  5681 | D:6      | Killed Duvessa
  5769 | D:7      | Noticed Pikel
  5771 | D:7      | Found a runed translucent door.
  5776 | D:7      | Your ally died
  5776 | D:7      | Noticed a centaur
  5779 | D:7      | Noticed DocSulfur's ghost (novice TrHu)
  5788 | D:7      | Killed a centaur
  5789 | D:7      | Reached XP level 9. HP: 48/84 MP: 12/12
  5832 | D:7      | Found a white marble altar of Elyvilon.
  5956 | D:7      | Noticed Menkaure
  5966 | D:7      | Killed Menkaure
  6118 | D:7      | Found a burning altar of Makhleb.
  6118 | D:7      | Found Kiov Depp's Evil Emporium.
  6136 | D:7      | Found a broken altar of Ashenzari.
  6375 | D:8      | Reached skill level 5 in Unarmed Combat
  6395 | D:8      | Found a staircase to the Lair.
  6691 | D:8      | Reached skill level 1 in Air Magic
  6814 | D:8      | Offered knowledge of Mephitic Cloud by Vehumet.
  7283 | D:9      | Noticed a two-headed ogre
  7290 | D:9      | Killed a two-headed ogre
  7295 | D:9      | Found a stormy altar of Qazlal.
  7400 | D:9      | Reached XP level 10. HP: 94/94 MP: 13/13
  7504 | D:9      | Reached skill level 5 in Earth Magic
  8002 | D:10     | Entered Level 10 of the Dungeon
  8064 | D:10     | Reached skill level 6 in Unarmed Combat
  8093 | D:10     | Reached *** piety under Vehumet
  8095 | D:10     | Gained mutation: You have a somewhat thin skeletal
                  | structure. (Dex +2, Stealth) [potion of mutation]
  8095 | D:10     | Gained mutation: Scrolls take you a little longer to read.
                  | [potion of mutation]
  8095 | D:10     | Gained mutation: You have a beak for a mouth. [potion of
                  | mutation]
  8099 | D:10     | Slain by a wraith

Illustrated notes

Levels and vault maps discovered:
D:1:      dpeg_arrival_long_road, layout_loops_corners
D:2:      layout_rooms, uniq_robin, uniq_crazy_yiuf_cottage
D:3:      layout_loops_ring, roderic_batcave
D:4:      layout_loops_cross, gammafunk_temple_overflow_statue,
          minmay_temple_entry_stoned_glass, serial_bayou_pond_d
D:5:      layout_loops_corners
D:6:      layout_rooms, nicolae_ru_awakened_eye, xom_redecorated,
          nzn_hepliaklqana_mist_gate, serial_shops, nicolae_shop_behind_doors,
          nicolae_shop_competitors_out_of_business, shop, shop,
          uniq_prince_ribbit1
D:7:      layout_basic, elyvilon_altar_5, lemuel_crystal_altar,
          gammafunk_ghost_grave, nicolae_evil_shop, uniq_duvessa, uniq_menkaure,
          uniq_pikel
D:8:      layout_basic, dpeg_oklobed_lair, dk_noncrumbling_4
D:9:      layout_long_grid, nicolae_overflow_crystal_walls
D:10:     layout_gridville, minmay_misc_feat_four_crosses, uniq_josephine
Temple:   minmay_temple_curvy_branch

Skill      XL: |  1  2  3  4  5  6  7  8  9 10 |
---------------+-------------------------------+-----
Transmutations | 1 2 |  2.0
Fighting       | 1 2 3 4 |  4.9
Unarmed Combat | 1 2 3 4 5 6 |  6.0
Earth Magic    | 3 4 5 |  5.1
Dodging        | 2 3 4 |  4.2
Spellcasting   | 2 3 |  3.0
Shields        | 1 2 3 4 |  4.2
Conjurations   | 1 2 3 |  3.0
Throwing       | 1 2 3 |  3.1
Evocations     | 1 2 |  2.5
Air Magic      | 1 |  1.7
Stealth        | |  1.0

Action                   |  1- 3 |  4- 6 |  7- 9 | 10-12 || total
-------------------------+-------+-------+-------+-------++-------
Melee: Unarmed           |   131 |   232 |   357 |    48 ||   768
       Punch             |       |     3 |     7 |     2 ||    12
       Peck              |       |       |       |     1 ||     1
Throw: Dart              |       |       |     2 |       ||     2
 Cast: Sandblast         |     7 |    41 |    37 |     5 ||    90
       Magic Dart        |       |       |    38 |     4 ||    42
Evoke: Wand              |       |       |     8 |     3 ||    11
  Use: Potion            |     2 |     2 |     2 |     3 ||     9
       Scroll            |       |     5 |     4 |     1 ||    10
 Stab: Sleeping          |     2 |     3 |       |     1 ||     6
       Fleeing           |       |     1 |       |       ||     1
       Paralysed         |       |       |    11 |       ||    11
Armor: Robe              |    56 |   111 |   105 |    21 ||   293
Dodge: Dodged            |   101 |   152 |   201 |    47 ||   501
